 Dungeon Crawl Stone Soup version 0.26.1-2-gb8aa6d0cf2 (webtiles) character file.

Game seed: 7974112253796802715

3003 Ladykiller69 the Covert (level 9, -11/74 HPs)
             Began as a Gnoll Delver on Mar 25, 2021.
             Was an Initiate of Ru.
             Killed from afar by Harold (13 damage)
             ... with a harpoon shot
             ... on level 7 of the Dungeon.
             The game lasted 00:23:57 (10167 turns).

Ladykiller69 the Covert (Gnoll Delver)             Turns: 10167, Time: 00:23:58

Health: -11/74     AC:  7    Str: 14    XL:     9   Next: 84%
Magic:  15/15      EV: 15    Int: 17    God:    Ru [......]
Gold:   333        SH:  0    Dex: 16    Spells: 17/17 levels left

rFire    . . .     SeeInvis .   u - +3 dagger (elec)
rCold    . . .     Faith    .   (no shield)
rNeg     . . .     Spirit   .   v - +1 ring mail {rPois}
rPois    +         Reflect  .   (no helmet)
rElec    .         Harm     .   (no cloak)
rCorr    .         Rampage  .   (no gloves)
Will     .....                  (no boots)
Stlth    ++++......             (no amulet)
HPRegen  0.22/turn              (no ring)
MPRegen  0.14/turn              (no ring)

@: about to teleport, marked, studying Polearms
A: distributed training, fangs 1, strong nose
a: Renounce Religion


You were on level 7 of the Dungeon.
You worshipped Ru.
Ru was noncommittal.
You visited 2 branches of the dungeon, and saw 8 of its levels.
You also visited: Sewer.

You collected 333 gold pieces.

Inventory:

Hand Weapons
 a - a +0 short sword
 q - a +1 dagger of speed
 u - a +3 dagger of electrocution (weapon)
 C - the +0 hunting sling "Beastbane" {flame, *Drain rElec rF++ Stlth-}
   (You found it on level 4 of the Dungeon)

   It causes projectiles fired from it to burn those they strike, causing extra
   injury to most foes and up to half again as much damage against particularly
   susceptible opponents.
   It greatly protects you from fire.
   It insulates you from electricity.
   It causes draining when unequipped.
   It makes you less stealthy.
Missiles
 s - 35 poisoned darts (quivered)
Armour
 b - a +0 leather armour
 h - a +0 chain mail
 v - a +1 ring mail of poison resistance (worn)
Jewellery
 x - an uncursed ring of protection from cold {unknown}
 A - an uncursed amulet of reflection {unknown}
 F - an uncursed amulet of regeneration {unknown}
Wands
 g - a wand of digging (3)
 B - a wand of flame (23)
Scrolls
 c - 7 scrolls of fog
 d - 3 scrolls of magic mapping
 l - 6 scrolls of teleportation
 m - 4 scrolls of fear
 o - 6 scrolls of identify
 p - 3 scrolls of remove curse
 t - 2 scrolls of enchant weapon {unknown}
 w - a scroll of immolation {unknown}
 y - a scroll of amnesia {unknown}
 I - a scroll of blinking {unknown}
Potions
 e - 3 potions of might
 f - a potion of haste
 i - 2 potions of curing
 j - 3 potions of brilliance {unknown}
 k - a potion of magic {unknown}
 n - 3 potions of heal wounds {unknown}
 r - a potion of flight {unknown}
 z - a potion of mutation {unknown}
 D - a potion of cancellation {unknown}
 E - a potion of degeneration {unknown}
 G - 3 potions of lignification {unknown}
Books
 H - a manual of Polearms


   Skills:
 + Level 8.1 Fighting
 + Level 6.6 Short Blades
 + Level 4.6 Long Blades
 + Level 4.6 Axes
 + Level 4.6 Maces & Flails
 + Level 4.8 Polearms
 + Level 4.6 Staves
 + Level 4.6 Slings
 + Level 4.6 Bows
 + Level 4.6 Crossbows
 + Level 4.6 Throwing
 + Level 4.6 Armour
 + Level 6.6 Dodging
 + Level 10.5 Stealth
 + Level 4.6 Shields
 + Level 4.6 Unarmed Combat
 + Level 4.6 Spellcasting
 + Level 3.8 Conjurations
 + Level 3.8 Hexes
 + Level 3.8 Summonings
 + Level 3.8 Necromancy
 + Level 3.8 Translocations
 + Level 3.8 Transmutations
 + Level 3.8 Fire Magic
 + Level 3.8 Ice Magic
 + Level 3.8 Air Magic
 + Level 3.8 Earth Magic
 + Level 3.8 Poison Magic
 + Level 5.1 Invocations
 + Level 4.6 Evocations


You had 17 spell levels left.
You didn't know any spells.
Your spell library was empty.

Dungeon Overview and Level Annotations

Branches:
Dungeon (7/15)             Temple (1/1) D:5           Sewer (visited)

Altars:
Ashenzari
Cheibriados
Dithmenos
Fedhas
Gozag
Hepliaklqana
Kikubaaqudgha
Makhleb
Okawaru
Qazlal
Ru
Sif Muna
Trog
Uskayaw
Vehumet
Wu Jian
Xom
Zin
The Shining One

Shops:
D:7 [

Annotations:
D:7 Harold, Prince Ribbit


Innate Abilities, Weirdness & Mutations

Your experience applies equally to all skills.
You have very sharp teeth.
Your uncanny sense of smell can sniff out nearby items.


Message History

You see here a throwing net.
Harold completely misses you. Harold gestures at you while chanting.
You barely resist.
Harold throws a throwing net.
The throwing net hits you.
You become entangled in the net!
You see here a throwing net.
You struggle against the net.
You tear a large gash into the net.
You rip the net and break free!
Harold fires a harpoon shot at you. The harpoon shot hits you!
* * * LOW HITPOINT WARNING * * *
You are yanked forward by the harpoon shot.
As you read the scroll of teleportation, it crumbles to dust.
You feel strangely unstable. Harold hits you with a +0 hand axe!
* * * LOW HITPOINT WARNING * * *
Harold fires a harpoon shot at you. The harpoon shot hits you!
You die...

####### #.....# ###### #.....#
#.....############.....#
................@......#
.##.....#########......#
.#####.##########@H...# ####
...........##...##.....##...##
..>.....#.##.....##(..##.....##
........#.#)......#...#.......#
........#.#..$....'...'....?..#
..........#.......#...#......?###
.......)#.##.....##...##.....##.#


You could see Harold and a manticore.

Vanquished Creatures
  Maggie (D:7)
  Grinder (D:4)
  Sigmund (D:4)
  Eustachio (D:5)
  A phantom (D:7)
  3 ogres
  4 centaurs
  3 bullfrogs
  4 scorpions
  5 wights (D:6)
  3 jellies
  A quasit (D:6)
  2 orc priests
  A bullfrog skeleton (D:7)
  2 hounds
  5 orc wizards
  An iron imp (D:5)
  Jessica (D:2)
  2 iguanas
  4 worker ants
  2 hound skeletons
  Robin (D:3)
  12 adders
  3 river rats (Sewer)
  A shadow imp (D:6)
  3 white imps
  An ooze (Sewer)
  An adder zombie (D:5)
  An adder skeleton (D:5)
  2 worms
  3 leopard geckos
  17 orcs
  3 giant cockroaches
  18 goblins
  9 hobgoblins
  8 jackals (D:2)
  2 quokkas
  19 ball pythons
  4 bats
  7 frilled lizards
  9 kobolds
  A leopard gecko zombie (D:5)
  36 rats
209 creatures vanquished.

Vanquished Creatures (others)
  A leopard gecko (D:7)
1 creature vanquished.

Grand Total: 210 creatures vanquished

Notes
Turn   | Place    | Note
-------+----------+-------------------------------------------
     0 | D:5      | Reached skill level 9 in Stealth
     0 | D:5      | Ladykiller69 the Gnoll Delver began the quest for the Orb.
     0 | D:5      | Reached XP level 1. HP: 23/23 MP: 1/1
    18 | D:5      | Noticed Eustachio
   184 | D:4      | Noticed an iguana
   184 | D:4      | Noticed a worker ant
   203 | D:4      | Noticed a worker ant
   204 | D:4      | Noticed an ogre
   210 | D:4      | Killed a worker ant
   211 | D:4      | Reached XP level 2. HP: 29/29 MP: 2/2
   211 | D:4      | Reached XP level 3. HP: 35/35 MP: 3/3
   266 | D:3      | Found a glowing drain.
   285 | D:3      | Reached skill level 1 in Long Blades
   285 | D:3      | Reached skill level 1 in Axes
   285 | D:3      | Reached skill level 1 in Maces & Flails
   285 | D:3      | Reached skill level 1 in Polearms
   285 | D:3      | Reached skill level 1 in Staves
   285 | D:3      | Reached skill level 1 in Slings
   285 | D:3      | Reached skill level 1 in Bows
   285 | D:3      | Reached skill level 1 in Crossbows
   285 | D:3      | Reached skill level 1 in Throwing
   285 | D:3      | Reached skill level 1 in Armour
   285 | D:3      | Reached skill level 1 in Shields
   285 | D:3      | Reached skill level 1 in Unarmed Combat
   285 | D:3      | Reached skill level 1 in Spellcasting
   285 | D:3      | Reached skill level 1 in Invocations
   285 | D:3      | Reached skill level 1 in Evocations
   481 | Sewer    | Entered a sewer
   533 | Sewer    | Reached XP level 4. HP: 29/41 MP: 5/5
   748 | Sewer    | Reached skill level 1 in Conjurations
   748 | Sewer    | Reached skill level 1 in Hexes
   748 | Sewer    | Reached skill level 1 in Summonings
   748 | Sewer    | Reached skill level 1 in Necromancy
   748 | Sewer    | Reached skill level 1 in Translocations
   748 | Sewer    | Reached skill level 1 in Transmutations
   748 | Sewer    | Reached skill level 1 in Fire Magic
   748 | Sewer    | Reached skill level 1 in Ice Magic
   748 | Sewer    | Reached skill level 1 in Air Magic
   748 | Sewer    | Reached skill level 1 in Earth Magic
   748 | Sewer    | Reached skill level 1 in Poison Magic
  1434 | Sewer    | Reached XP level 5. HP: 46/47 MP: 6/6
  1483 | Sewer    | HP: 1/47 [river rat (9)]
  2203 | Sewer    | Reached XP level 6. HP: 12/53 MP: 8/8
  2436 | Sewer    | Reached skill level 5 in Short Blades
  2436 | Sewer    | Reached skill level 5 in Dodging
  2887 | D:2      | Noticed Jessica
  2901 | D:2      | Killed Jessica
  2947 | D:2      | Found an ornate altar of the Wu Jian Council.
  3126 | D:2      | Found a bloodstained altar of Trog.
  4346 | D:2      | You fall into a shaft and drop 2 floors!
  4394 | D:3      | Identified the +2 helmet of a Hundred Bounties {rC++ Int+4
                  | Slay+3}
  4394 | D:3      | Noticed Robin
  4447 | D:2      | Reached XP level 7. HP: 53/59 MP: 10/10
  5078 | D:3      | Killed Robin
  5779 | D:4      | Noticed Grinder
  5787 | D:4      | Found an ancient bone altar of Kikubaaqudgha.
  5792 | D:4      | Paralysed by Grinder for 4 turns
  5802 | D:4      | Paralysed by Grinder for 2 turns
  5806 | D:4      | Killed Grinder
  5816 | D:4      | Got an iridescent hunting sling
  5817 | D:4      | Identified the cursed +0 hunting sling "Beastbane" {flame,
                  | *Drain rElec rF++ Stlth-} (You found it on level 4 of the
                  | Dungeon)
  6261 | D:4      | Noticed Sigmund
  6266 | D:4      | Killed Sigmund
  6267 | D:4      | Reached skill level 10 in Stealth
  6267 | D:4      | Reached XP level 8. HP: 60/67 MP: 12/12
  6268 | D:4      | Found a burning altar of Makhleb.
  6677 | D:5      | Found a snail-covered altar of Cheibriados.
  6813 | D:5      | Found a staircase to the Ecumenical Temple.
  6837 | Temple   | Entered the Ecumenical Temple
  7102 | D:5      | Killed Eustachio
  7809 | D:6      | Reached XP level 9. HP: 72/72 MP: 14/14
  8174 | D:6      | Found a shimmering blue altar of Sif Muna.
  8576 | D:7      | Found Odigh's Armour Emporium.
  8616 | D:7      | Noticed a manticore
  9047 | Temple   | Became a worshipper of Ru the Awakened
  9144 | D:7      | Noticed Maggie
  9149 | D:7      | Noticed Prince Ribbit
  9761 | D:7      | Killed Maggie
  9762 | D:7      | Reached skill level 5 in Invocations
 10129 | D:7      | Noticed Harold
 10166 | D:7      | HP: 2/74 [Harold/+0 hand axe (14)]
 10167 | D:7      | Killed from afar by Harold

Illustrated notes

Levels and vault maps discovered:
D:1:      giann_horns, layout_loops_ring, minmay_pentomino_r2
D:2:      layout_loops_corners, lemuel_round_altar, overflow_temple_1_default,
          uniq_jessica
D:3:      layout_basic, cheibrodos_sewer_entry_sluice, uniq_robin
D:4:      layout_basic, makhleb_blood_cavern_becter, old_standard_altar,
          uniq_grinder, uniq_sigmund
D:5:      layout_basic, slow_altar_2, minmay_temple_entry_large_hall,
          uniq_eustachio
D:6:      layout_gridville, general_overflow_altar
D:7:      kennysheep_six_static_rooms, layout_rooms, serial_shops,
          nicolae_shop_statue_plus, minmay_manual_mess, uniq_maggie,
          uniq_harold, uniq_prince_ribbit1
Temple:   nicolae_temple_figure_eight

Skill      XL: |  1  2  3  4  5  6  7  8  9 |
---------------+----------------------------+-----
Stealth        | 10 | 10.5
Long Blades    | 1 2 3 4 |  4.6
Axes           | 1 2 3 4 |  4.6
Maces & Flails | 1 2 3 4 |  4.6
Polearms       | 1 2 3 4 |  4.8
Staves         | 1 2 3 4 |  4.6
Slings         | 1 2 3 4 |  4.6
Bows           | 1 2 3 4 |  4.6
Crossbows      | 1 2 3 4 |  4.6
Throwing       | 1 2 3 4 |  4.6
Armour         | 1 2 3 4 |  4.6
Shields        | 1 2 3 4 |  4.6
Unarmed Combat | 1 2 3 4 |  4.6
Spellcasting   | 1 2 3 4 |  4.6
Invocations    | 1 2 3 4 5 |  5.1
Evocations     | 1 2 3 4 |  4.6
Conjurations   | 1 2 3 |  3.8
Hexes          | 1 2 3 |  3.8
Summonings     | 1 2 3 |  3.8
Necromancy     | 1 2 3 |  3.8
Translocations | 1 2 3 |  3.8
Transmutations | 1 2 3 |  3.8
Fire Magic     | 1 2 3 |  3.8
Ice Magic      | 1 2 3 |  3.8
Air Magic      | 1 2 3 |  3.8
Earth Magic    | 1 2 3 |  3.8
Poison Magic   | 1 2 3 |  3.8
Short Blades   | 5 6 |  6.6
Dodging        | 5 6 |  6.6
Fighting       | 7 8 |  8.1

Action                   |  1- 3 |  4- 6 |  7- 9 || total
-------------------------+-------+-------+-------++-------
Melee: Short sword       |    35 |   336 |       ||   371
       Bite              |     9 |    23 |    45 ||    77
       Dagger            |       |    25 |   352 ||   377
       Punch             |       |       |     4 ||     4
  Use: Potion            |       |     2 |     1 ||     3
       Scroll            |       |     1 |     5 ||     6
 Stab: Sleeping          |     2 |    12 |    23 ||    37
       Distracted        |       |     1 |     1 ||     2
Armor: Leather armour    |     4 |    68 |       ||    72
       Ring mail         |       |     6 |    53 ||    59
Dodge: Dodged            |    23 |   281 |   207 ||   511
